 Dungeon Crawl Stone Soup version 0.20.1-1-g8b1a95d (console) character file.

151 bli the Skirmisher (level 5, -1/47 HPs)
             Began as a Draconian Wanderer on July 30, 2017.
             Killed from afar by an orc wizard (8 damage)
             ... with a puff of frost
             ... on level 3 of the Dungeon.
             The game lasted 00:14:48 (2256 turns).

bli the Skirmisher (Draconian Wanderer)             Turns: 2256, Time: 00:14:49

Health: -1/47      AC:  5    Str: 12    XL:     5   Next: 10%
Magic:  3/7        EV: 12    Int: 14    God:
Gold:   82         SH:  0    Dex: 12    Spells: 5/6 levels left

rFire    . . .     SeeInvis .   b - +4 whip
rCold    . . .     Gourm    .   (no shield)
rNeg     . . .     Faith    .   (armour unavailable)
rPois    .         Spirit   .   (helmet restricted)
rElec    .         Reflect  .   (no cloak)
rCorr    .         Harm     .   (no gloves)
MR       .....                  (no boots)
Stlth    ++........             (no amulet)
Regen    0.2/turn               (no ring)
MPRegen  0.1/turn               (no ring)

@: very slightly contaminated
A: unfitting armour, cold-blooded, AC +5
a: no special abilities


You were on level 3 of the Dungeon.
You were not hungry.

You visited 1 branch of the dungeon, and saw 3 of its levels.

You collected 82 gold pieces.

Inventory:

Hand Weapons
 a - a +0 blowgun
 b - a +4 whip (weapon)
 e - a +0 club
 k - a +0 dagger
 y - a +0 hunting sling of velocity
Missiles
 i - 135 stones (quivered)
 m - 10 poisoned needles
 r - a throwing net
Armour
 s - a scarf of spirit shield
Scrolls
 f - 6 scrolls of teleportation {unknown}
 g - 2 scrolls of recharging {unknown}
 h - 7 scrolls of identify {unknown}
 n - 2 scrolls of blinking {unknown}
 o - 2 scrolls of amnesia {unknown}
 u - 2 scrolls of remove curse {unknown}
 x - a scroll of enchant armour {unknown}
Potions
 l - a potion of mutation {unknown}
 p - a potion of curing {unknown}
 q - a potion of heal wounds
 t - a potion of brilliance {unknown}
 v - a potion of lignification {unknown}
Books
 c - a Young Poisoner's Handbook

   Spells                             Type                      Level
   a - Sting                          Conjuration/Poison           1
   b - Poisonous Vapours              Poison/Air                   2
   c - Mephitic Cloud                 Conjuration/Poison/Air       3
   d - Olgreb's Toxic Radiance        Poison                       4
   e - Venom Bolt                     Conjuration/Poison           5
Comestibles
 d - 2 bread rations
 j - 2 royal jellies
 w - a chunk of flesh


   Skills:
 * Level 4.4 Fighting
 * Level 1.8 Maces & Flails
   Level 1.7 Bows
 - Level 1.0 Throwing
 * Level 1.1 Dodging
 + Level 1.4 Stealth
 + Level 1.3 Spellcasting
 * Level 1.9 Conjurations
   Level 1.0 Earth Magic
 - Level 2.0 Poison Magic


You had 5 spell levels left.
You knew the following spells:

 Your Spells              Type           Power        Failure   Level  Hunger
a - Sting                 Conj/Pois      #...         12%         1    ##.....


Dungeon Overview and Level Annotations

Branches:
Dungeon (3/15)

Altars:


Innate Abilities, Weirdness & Mutations

Your plain brown scales are hard. (AC +5)
You cannot fit into any form of body armour.
You are cold-blooded and may be slowed by cold attacks.


Message History

You kill the orc!
You closely miss the orc wizard.
The orc wizard hits you but does no damage.
The orc wizard gestures at you while chanting.
The puff of frost hits you!
* * * LOW HITPOINT WARNING * * *
You hit the orc wizard.
The orc wizard is lightly wounded.
The orc wizard hits you with a dagger.
* * * LOW HITPOINT WARNING * * *
The orc wizard hits you but does no damage.
You hit the orc wizard.
The orc wizard is moderately wounded.
The orc wizard closely misses you.
The orc priest shouts!
You hit the orc wizard.
Your tail-slap misses the orc wizard.
The orc wizard is severely wounded.
The orc wizard casts a spell at you. The puff of frost hits you!
You die...

#.#.##.........#
#..............#
#..............#
#.....##########
#..o..# #.....#
#.....# #.(...###
#.#.....##########
#o#####..........#
#@# ###..........#
#.....#..........#
#####.#o.........#
#.#..........#
######.#.##########
#.......o..#
#..........#
#..........#
#..........# #
######.#+### #.
#....o..# #.


You could see an orc priest and an orc wizard.

Vanquished Creatures
  An orc priest (D:3)
  4 adders (D:2)
  2 oozes
  4 worms
  2 dart slugs
  A leopard gecko (D:3)
  2 orcs (D:3)
  A ball python (D:1)
  2 giant cockroaches (D:2)
  8 hobgoblins
  5 jackals (D:2)
  A quokka (D:2)
  11 bats
  3 frilled lizards
  5 goblins
  4 kobolds
  9 rats
65 creatures vanquished.

Notes
Turn   | Place    | Note
-------+----------+-------------------------------------------
     0 | D:1      | bli the Draconian Wanderer began the quest for the Orb.
     0 | D:1      | bli set off with: a Young Poisoner's Handbook, 12 poisoned needles, a +0 blowgun, a bread ration
     0 | D:1      | Reached XP level 1. HP: 19/19 MP: 1/1
   248 | D:1      | Reached XP level 2. HP: 26/27 MP: 2/2
   257 | D:1      | Reached skill level 4 in Fighting
   649 | D:2      | Learned a level 1 spell: Sting
   840 | D:2      | Reached XP level 3. HP: 15/33 MP: 0/3
  1069 | D:2      | Reached skill level 1 in Dodging
  1069 | D:2      | Reached skill level 1 in Conjurations
  1120 | D:2      | Reached skill level 1 in Maces & Flails
  1308 | D:2      | Reached XP level 4. HP: 40/40 MP: 0/4
  1502 | D:2      | Reached skill level 1 in Spellcasting
  2228 | D:3      | Reached XP level 5. HP: 33/47 MP: 1/7
  2249 | D:3      | HP: 1/47 [something (3)]
  2256 | D:3      | Killed from afar by an orc wizard

Skill      XL: |  1  2  3  4 |
---------------+-------------+-----
Fighting       | 4 |  4.4
Dodging        | 1 |  1.1
Conjurations   | 1 |  1.9
Maces & Flails | 1 |  1.8
Spellcasting   | 1 |  1.3
Bows           | |  1.7
Throwing       | |  1.0
Stealth        | |  1.4
Earth Magic    | |  1.0
Poison Magic   | |  2.0

Action                   |  1- 3 |  4- 6 || total
-------------------------+-------+-------++-------
Melee: Whip              |    95 |    44 ||   139
       Tailslap          |    10 |     2 ||    12
 Fire: Blowgun           |    12 |     6 ||    18
Throw: Stone             |     2 |       ||     2
 Cast: Sting             |    38 |    34 ||    72
  Use: Potion            |       |     1 ||     1
 Stab: Sleeping          |     3 |       ||     3
  Eat: Chunk             |     3 |     5 ||     8
Armor: Skin              |    21 |     7 ||    28
Dodge: Dodged            |    50 |    21 ||    71
